Map: Submarine LE

Players

Code

  • Race: Zerg Zerg
  • League: Diamond
  • Spawn Location: 5:00

Statis - Winner!

  • Race: Protoss Protoss
  • Spawn Location: 11:00

VOD

Have the link to the VOD?

Description

Time

  • Played on: Feb. 19, 2021, 6:15 p.m.
  • Length: 6:14
Show
View Real Time Build Order
Export as new Build Order

Code Zerg 

Build Orders: Pool First 

Get SALT Encoding   

  12  0:18  Spawning Pool  
  11  0:21  Drone  
  11  0:26  Drone  
  13  0:30  Drone  
  14  0:41  Overlord  
  14  1:04  Zergling x4  
  14  1:05  Queen  
  14  1:07  Zergling x2  
  19  1:40  Hatchery  
  19  1:43  Zergling x6  
  21  1:55  Drone  
  21  2:18  Overlord  
  21  2:24  Overlord  
  19  2:51  Extractor, Drone x3  
  18  2:56  Queen  
  18  2:57  Queen  
  18  2:58  Overlord  
  25  3:14  Spine Crawler  
  25  3:16  Drone x5  
  29  3:25  Drone  
  30  3:35  Drone x2  
  30  3:38  Drone  
  33  3:41  Spine Crawler  
  32  3:57  Drone x3  
  35  4:11  Queen x2  
  38  4:34  Drone x9  
  47  4:50  Queen x2  
  45  5:12  Drone x6  
  45  5:13  Overlord  
  51  5:31  Queen  
  53  5:36  Queen  
  55  5:54  Extractor  
  55  5:55  Extractor  
Show
View Real Time Build Order
Export as new Build Order

Statis Protoss - Winner!

Build Orders: Cannon Rush, Proxy Void Ray 

Get SALT Encoding   

  12  0:00  Probe  
  13  0:12  Probe  
  14  0:17  Pylon  
  14  0:24  Probe  
  15  0:38  Forge  
  15  0:41  Probe  
  16  0:53  Probe  
  17  1:05  Pylon, Probe  
  18  1:17  Gateway, Probe  
  19  1:21  Photon Cannon  
  19  1:33  Pylon  
  19  1:41  Photon Cannon  
  19  1:48  Photon Cannon  
  19  1:56  Assimilator, Probe (Chrono Boost)  
  19  1:57  Assimilator  
  20  2:07  Probe (Chrono Boost)  
  21  2:11  Probe (Chrono Boost)  
  22  2:17  Cybernetics Core  
  22  2:22  Probe  
  22  2:35  Probe  
  23  2:44  Pylon  
  23  2:45  Photon Cannon  
  23  2:54  Stargate  
  23  2:59  Shield Battery  
  23  3:00  Shield Battery  
  23  3:06  Shield Battery  
  23  3:13  Shield Battery  
  23  3:27  Shield Battery  
  23  3:30  Void Ray (Chrono Boost)  
  23  3:32  Shield Battery  
  27  3:57  Void Ray (Chrono Boost)  
  27  4:05  Shield Battery  
  31  4:28  Fleet Beacon  
  31  4:40  Shield Battery x2  
  31  5:09  Tempest (Chrono Boost)  
  36  5:40  Shield Battery  
  36  5:45  Shield Battery  
  36  5:46  Shield Battery  
  36  5:47  Shield Battery  
  36  5:48  Pylon  
  36  5:49  Pylon  
Tags
 
Add a new tag
Caveats
  • Supply blocks, unpowered buildings, or Contaminate may cause inaccurate times.
  • Supply counts are checked every 10 seconds.